 Dungeon Crawl Stone Soup version 0.26-a0-689-gc93c913f66 (webtiles) character file.

Game seed: 11269288540147040261

1957 ivopereira the Slasher (level 8, -5/73 HPs)
             Began as a Minotaur Gladiator on Oct 23, 2020.
             Was a Follower of Qazlal.
             Killed from afar by an orc wizard (9 damage)
             ... with a magic dart
             ... on level 8 of the Dungeon.
             The game lasted 00:28:18 (9433 turns).

ivopereira the Slasher (Minotaur Gladiator)         Turns: 9433, Time: 00:28:19

Health: -5/73      AC:  3    Str: 20    XL:     8   Next: 99%
Magic:  7/7        EV: 15    Int:  6    God:    Qazlal [*.....]
Gold:   456        SH: 13    Dex: 12    Spells: 7/7 levels left

rFire    . . .     SeeInvis .   a - +0 long sword
rCold    . . .     Faith    .   y - +2 buckler
rNeg     . . .     Spirit   .   b - +0 leather armour
rPois    .         Reflect  +   c - +0 hat
rElec    .         Harm     .   (no cloak)
rCorr    .         Rampage  .   (no gloves)
MR       .....                  (no boots)
Stlth    ++........             s - amulet of reflection
HPRegen  0.22/turn              l - ring of stealth
MPRegen  0.10/turn              (no ring)

@: lightly drained
A: retaliatory headbutt, horns 2
a: Renounce Religion


You were on level 8 of the Dungeon.
You worshipped Qazlal.
Qazlal was aware of your devotion.
You visited 2 branches of the dungeon, and saw 9 of its levels.

You collected 456 gold pieces.

Inventory:

Hand Weapons
 a - a +0 long sword (weapon)
Missiles
 d - a throwing net (quivered)
Armour
 b - a +0 leather armour (worn)
 c - a +0 hat (worn)
 n - a +0 helmet
 o - a +0 scale mail
 p - a +0 pair of boots
 y - a +2 buckler (worn)
Jewellery
 l - a ring of stealth (left hand)
 s - an amulet of reflection (around neck)
 v - an uncursed amulet of reflection
 F - an uncursed ring of wizardry {unknown}
 G - an uncursed ring of fire {unknown}
Wands
 q - a wand of iceblast (5)
 u - a wand of polymorph (7)
 D - a wand of flame (15)
Scrolls
 e - 4 scrolls of immolation
 f - a scroll of holy word {unknown}
 g - 4 scrolls of teleportation {unknown}
 i - a scroll of enchant armour {unknown}
 j - 4 scrolls of magic mapping
 m - 3 scrolls of remove curse {unknown}
 w - a scroll of fear {unknown}
 x - 4 scrolls of amnesia {unknown}
 C - 2 scrolls of fog {unknown}
Potions
 h - a potion of might
 k - a potion of flight {unknown}
 r - a potion of cancellation
 t - 3 potions of curing
 z - a potion of heal wounds
 A - a potion of ambrosia
 B - 2 potions of resistance {unknown}


   Skills:
 + Level 7.0(6.4) Fighting
 + Level 7.4(6.9) Long Blades
 - Level 2.0(1.5) Throwing
 + Level 6.3(5.8) Armour
 + Level 6.9(6.4) Dodging
 + Level 4.6(4.1) Shields


You had 7 spell levels left.
You didn't know any spells.
Your spell library contained the following spells:

 Spells                   Type           Power        Failure   Level
 Bolt of Magma            Conj/Fire/Erth #.........   100%        5
 Iskenderun's Battlesphe  Conj           #.......     100%        5
 Iron Shot                Conj/Erth      #.........   100%        6
 Malign Gateway           Summ/Tloc      #.........   100%        7
 Monstrous Menagerie      Summ           #.........   100%        7
 Orb of Destruction       Conj           #.........   100%        7
 Spellforged Servitor     Conj/Summ      #.........   100%        7
 Summon Greater Demon     Summ           #.........   100%        7
 Summon Horrible Things   Summ           #.........   100%        8


Dungeon Overview and Level Annotations

Branches:
Dungeon (8/15)             Temple (1/1) D:6
   Lair: D:8-11

Altars:
Ashenzari
Cheibriados
Dithmenos
Elyvilon
Fedhas
Gozag
Hepliaklqana
Kikubaaqudgha
Makhleb
Nemelex Xobeh
Okawaru
Qazlal
Sif Muna
Trog
Uskayaw
Vehumet
Xom
Yredelemnul
Zin
The Shining One

Shops:
D:5 =

Annotations:
D:8 3 runed translucent doors, Efficiency's ghost, novice DDDe


Innate Abilities, Weirdness & Mutations

You reflexively headbutt those who attack you in melee.
You have a pair of horns on your head.


Message History

You hit the orc wizard but do no damage.
Your headbutt misses the orc wizard.
The orc wizard gestures at you while chanting.
The magic dart hits you!
* * * LOW HITPOINT WARNING * * *
You block the orc wizard's attack.
The orc wizard hits you with a +0 dagger.
* * * LOW HITPOINT WARNING * * *
You hit the orc wizard.
The orc wizard is moderately wounded.
You feel yourself speed up. You block the orc wizard's attack.
The orc wizard completely misses you.
The orc priest calls upon Beogh to heal the orc wizard.
The orc wizard's wounds heal themselves!
You hit the orc wizard.
The orc wizard is lightly wounded.
You block the orc wizard's attack.
The orc wizard points at you and mumbles some strange words.
The magic dart hits you!
You die...

########.#..###
##.............
#......###......#.......
##.......(.......#...###
###...#.####(......###.#
#...#)#.# #.#.....# #.#
##.##..#.####.#.#####
#.. #..##.##.#o.....#
##.# ##########o###.##
... ##>## #@# #.# 8...8
### #.#######
#.....##.###........ .
_..!.._#..#...###### #
##.....##...†.##
#8...8##...### ######
#.#).# #.....#
###..##.......
#....#)....?..


You could see an orc priest and an orc wizard (fast).

Vanquished Creatures
  Duvessa (D:7)
  A black bear (D:7)
  A sky beast (D:8)
  2 ogres
  A centaur (D:6)
  2 phantoms (D:7)
  3 bullfrogs (D:7)
  A wyvern skeleton (D:7)
  A water moccasin skeleton (D:5)
  A scorpion (D:8)
  Dowan (D:7)
  3 wights (D:8)
  A howler monkey (D:8)
  A quasit (D:8)
  A hound (D:4)
  2 bullfrog zombies
  2 jellies
  An iguana (D:8)
  4 worker ants
  3 orc wizards
  6 gnolls
  12 adders
  A shadow imp (D:4)
  3 ufetubi
  An ooze (D:1)
  2 adder skeletons
  A worm (D:2)
  A dart slug (D:3)
  4 leopard geckos
  9 orcs
  3 bats
  15 giant cockroaches
  8 goblins
  8 hobgoblins
  5 jackals
  A ball python (D:5)
  A ball python skeleton (D:6)
  4 frilled lizards
  2 jackal skeletons
  2 jackal zombies
  9 kobolds
  5 rats
  A butterfly (D:7)
137 creatures vanquished.

Vanquished Creatures (others)
  A bat (D:3)
  6 plants (D:8)
7 creatures vanquished.

Grand Total: 144 creatures vanquished

Notes
Turn   | Place    | Note
-------+----------+-------------------------------------------
     0 | D:1      | ivopereira the Minotaur Gladiator began the quest for the
                  | Orb.
     0 | D:1      | Reached XP level 1. HP: 18/18 MP: 0/0
   446 | D:1      | Reached XP level 2. HP: 25/25 MP: 1/1
   503 | D:1      | Reached skill level 1 in Armour
   902 | D:1      | Reached XP level 3. HP: 27/31 MP: 2/2
  1835 | D:2      | Reached XP level 4. HP: 17/38 MP: 3/3
  2868 | D:3      | Found a white marble altar of Elyvilon.
  2923 | D:3      | Reached XP level 5. HP: 39/46 MP: 4/4
  3750 | D:4      | Noticed a phantom
  3763 | D:4      | Reached skill level 5 in Long Blades
  4216 | D:4      | Reached XP level 6. HP: 32/52 MP: 5/5
  4669 | D:5      | Entered Level 5 of the Dungeon
  4764 | D:5      | Reached skill level 5 in Dodging
  5053 | D:5      | Reached skill level 5 in Fighting
  5076 | D:5      | Found a radiant altar of Vehumet.
  5170 | D:4      | Reached XP level 7. HP: 42/61 MP: 6/6
  5587 | D:5      | Found Zirhairgh's Jewellery Boutique.
  5720 | D:6      | Reached skill level 1 in Shields
  6545 | D:6      | Found a staircase to the Ecumenical Temple.
  6631 | Temple   | Entered the Ecumenical Temple
  6985 | Temple   | Became a worshipper of Qazlal Stormbringer
  7430 | D:7      | Reached skill level 5 in Armour
  7566 | D:7      | Reached XP level 8. HP: 69/70 MP: 7/7
  7790 | D:7      | Noticed Dowan
  7812 | D:7      | Killed Dowan
  7812 | D:7      | Noticed Duvessa
  7841 | D:7      | Killed Duvessa
  8379 | D:8      | Found a runed translucent gate.
  8380 | D:8      | Found a runed translucent gate.
  8389 | D:8      | Found a runed translucent gate.
  8390 | D:8      | Noticed a nine-headed hydra
  8390 | D:8      | Noticed Efficiency's ghost (novice DDDe)
  9137 | D:8      | Found a burning altar of Makhleb.
  9139 | D:8      | Found an ancient bone altar of Kikubaaqudgha.
  9411 | D:8      | Reached * piety under Qazlal
  9431 | D:8      | HP: 3/73 [orc wizard/+0 dagger (4)]
  9433 | D:8      | Killed from afar by an orc wizard

Illustrated notes

Levels and vault maps discovered:
D:1:      ebering_trefoil_twist, layout_basic
D:2:      minmay_roachtagon, layout_loops_cross
D:3:      layout_basic, elyvilon_altar_4
D:4:      layout_rooms
D:5:      layout_rooms, old_standard_altar, serial_shops,
          nicolae_shop_statue_plus
D:6:      layout_loops_ring, minmay_temple_entry_butterflies
D:7:      layout_basic, uniq_duvessa
D:8:      layout_rooms, nicolae_overflow_hidden_temple,
          gammafunk_ghost_hydra_chop, serial_bayou_pond_a
Temple:   regret_index_temple_sphere_string

Skill      XL: |  1  2  3  4  5  6  7  8 |
---------------+-------------------------+-----
Armour         | 1 2 3 4 5 6 |  6.3
Long Blades    | 4 5 6 7 |  7.4
Fighting       | 3 4 5 7 |  7.0
Dodging        | 4 5 6 |  6.9
Shields        | 2 4 |  4.6
Throwing       | |  2.0

Action                   |  1- 3 |  4- 6 |  7- 9 || total
-------------------------+-------+-------+-------++-------
Melee: Long sword        |    56 |   130 |   195 ||   381
       Headbutt          |     7 |    31 |    38 ||    76
Throw: Throwing net      |       |       |     4 ||     4
  Use: Scroll            |       |       |     8 ||     8
       Potion            |       |       |     2 ||     2
 Stab: Sleeping          |       |     1 |     2 ||     3
       Held in net/web   |       |       |     1 ||     1
Armor: Leather armour    |    38 |    30 |    19 ||    87
Dodge: Dodged            |    75 |    84 |   104 ||   263
Block: Other             |       |    37 |       ||    37
       Buckler           |       |     1 |   135 ||   136
       Reflection        |       |       |     6 ||     6
       Rpst.: Long sword |    18 |    16 |    31 ||    65

Table legend: (Time is in decaauts)
 A = Elapsed time spent in this place.
 B = Non-inter-level travel time spent in this place.
 C = Inter-level travel time spent in this place.
 D = Time resting spent in this place.
 E = Time spent auto-exploring this place.
 F = Levels seen in this place.
 G = Mean time per level.
                   A        B        C        D        E       F      G
               +--------+--------+--------+--------+--------+-----+--------+
         Total |   9492 |   8889 |    603 |   1308 |   5921 |   9 | 1054.7 |
       Dungeon |   9110 |   8732 |    378 |   1308 |   5774 |   8 | 1138.8 |
        Temple |    381 |    156 |    225 |      0 |    147 |   1 |  381.0 |
               +--------+--------+--------+--------+--------+-----+--------+

Top non-repeatable levels by time:
     D:2: 1350 daAuts
     D:4: 1325 daAuts
     D:7: 1325 daAuts
     D:1: 1265 daAuts
     D:6: 1176 daAuts
     D:8: 1076 daAuts
     D:3: 856 daAuts
     D:5: 734 daAuts
  Temple: 381 daAuts
